 Dungeon Crawl Stone Soup version 0.20.0-15-g7f486f2 (webtiles) character file.

2632 Mesmaeker13 the Covert (level 9, -1/42 HPs)
             Began as a Vine Stalker Assassin on June 15, 2017.
             Was a Follower of Nemelex Xobeh.
             Slain by a two-headed ogre
             ... wielding a +0 giant club
              (13 damage)
             ... on level 8 of the Dungeon.
             The game lasted 00:15:16 (6708 turns).

Mesmaeker13 the Covert (Vine Stalker Assassin)      Turns: 6708, Time: 00:15:17

Health: -1/42      AC:  3    Str: 13    XL:     9   Next: 61%
Magic:  0/11       EV: 16    Int: 13    God:    Nemelex Xobeh [*.....]
Gold:   392        SH:  0    Dex: 18    Spells: 8/8 levels left

rFire    . . .     SeeInvis .   y - +1 dagger (venom)
rCold    + . .     Gourm    .   (no shield)
rNeg     . . .     Faith    .   c - +0 robe
rPois    .         Spirit   +   (no helmet)
rElec    .         Reflect  .   d - +0 cloak
rCorr    .         Harm     .   (no gloves)
MR       +....                  (no boots)
Stlth    +++++.....             (no amulet)
Regen    0.6/turn               o - ring of protection from cold
MPRegen  0.2/turn               E - ring of wizardry

@: no status effects
A: fangs 3, regeneration 1, magic shield, antimagic bite, no potion heal 3, rot
immunity
a: Renounce Religion


You were on level 8 of the Dungeon.
You worshipped Nemelex Xobeh.
Nemelex Xobeh was aware of your devotion.
You were not hungry.

You visited 2 branches of the dungeon, and saw 9 of its levels.

You collected 392 gold pieces.

Inventory:

Hand Weapons
 a - a +3 dagger
 b - a +0 blowgun
 y - a +1 dagger of venom (weapon)
 A - a +1 short sword of venom
Missiles
 e - 8 poisoned needles
 i - 6 tomahawks (quivered)
Armour
 c - a +0 robe (worn)
 d - a +0 cloak (worn)
 u - a +2 leather armour of fire resistance
Jewellery
 o - a ring of protection from cold (left hand)
 E - a ring of wizardry (right hand)
 H - an uncursed amulet of faith
Wands
 x - a wand of scattershot (0/9)
 B - a wand of flame (0/48)
Scrolls
 n - 3 scrolls of enchant weapon
 p - 9 scrolls of teleportation
 t - 2 scrolls of fear
 v - a scroll of summoning {unknown}
 z - 2 scrolls of amnesia
 C - 2 scrolls of enchant armour
 G - 2 scrolls of remove curse
Potions
 f - a potion of brilliance {unknown}
 h - 3 potions of haste
 k - 3 potions of berserk rage
 m - 3 potions of resistance {unknown}
 r - 5 potions of curing
 s - 3 potions of flight {unknown}
 D - a potion of lignification {unknown}
 I - 2 potions of magic {unknown}
Miscellaneous
 K - a plain deck of destruction {drawn: 2}
Comestibles
 g - a bread ration
 j - 5 royal jellies
 l - 3 chunks of flesh
 q - 3 meat rations
 w - 14 fruits


   Skills:
 - Level 1.7 Fighting
 + Level 6.4 Short Blades
 - Level 4.1 Throwing
 + Level 5.7 Dodging
 + Level 10.1 Stealth
 + Level 1.9 Invocations


You had 8 spell levels left.
You didn't know any spells.

Dungeon Overview and Level Annotations

Branches:
Dungeon (8/15)             Temple (1/1) D:6
   Lair: D:8-11

Altars:
Ashenzari
Cheibriados
Dithmenos
Elyvilon
Fedhas
Gozag
Hepliaklqana
Kikubaaqudgha
Makhleb
Nemelex Xobeh
Okawaru
Qazlal
Ru
Sif Muna
Trog
Uskayaw
Vehumet
Xom
Yredelemnul
Zin
The Shining One

Annotations:
D:4 zhorgal's ghost, novice VSFi
D:5 Quirk's ghost, novice DsFi
D:8 Joseph


Innate Abilities, Weirdness & Mutations

You have razor-sharp teeth.
Your natural rate of healing is unusually fast.
When hurt, damage is shared between your health and your magic reserves.
Your bite disrupts and absorbs the magic of your enemies.
Potions cannot restore your health.
You are immune to rotting.


Message History

a sling bullet; a scroll of magic mapping Evoke which item? (* to show all) (? for menu, Esc to quit)
You draw a card...
It is Wild Magic.
There is a sudden explosion of magical energy!
The explosion engulfs the wyvern.
The explosion engulfs the adder.
The adder dies!
The explosion engulfs you!
The explosion engulfs the two-headed ogre.
The explosion engulfs the killer bee zombie.
The killer bee zombie is destroyed!
The explosion engulfs your air elemental.
Your air elemental is destroyed!
Freezing gases pour from the two-headed ogre's hands!
You feel a surge of magic.
You feel your power returning. The wyvern misses you.
The two-headed ogre hits you with a giant club!!
* * * LOW HITPOINT WARNING * * *
The two-headed ogre hits you with a giant club!!
You die...
Your body disappears without a glow.

#...........#
#...........#
#.........(.##
#............#
#.......)....#
#............##
############..#
......O#..#
....@.l@.>#
........###
........#
......?.#
........#
..##'##.# . ..
#.# .## #.#


You could see Joseph, a two-headed ogre and a wyvern.

Vanquished Creatures
  A hungry ghost (D:7)
  Edmund (D:4)
  Duvessa (D:6)
  2 orc warriors
  4 sky beasts
  A phantom (D:4)
  A centaur (D:6)
  4 bullfrogs
  A scorpion (D:6)
  Dowan (D:6)
  2 bullfrog zombies
  A crimson imp (D:6)
  An orc priest (D:6)
  3 bullfrog skeletons (D:4)
  3 hounds
  3 orc wizards
  An iguana (D:5)
  4 worker ants
  A hound skeleton (D:7)
  A hound zombie (D:6)
  A worker ant zombie (D:5)
  10 adders
  2 oozes
  2 adder skeletons (D:4)
  An adder zombie (D:7)
  4 worms
  A dart slug (D:2)
  2 leopard geckos (D:7)
  16 orcs
  9 bats
  5 giant cockroaches
  7 goblins
  13 hobgoblins
  10 jackals
  3 quokkas
  A ball python (D:2)
  4 frilled lizards
  6 kobolds
  14 rats
148 creatures vanquished.

Vanquished Creatures (collateral kills)
  A two-headed ogre (D:8)
1 creature vanquished.

Vanquished Creatures (others)
  A killer bee zombie (D:8)
  An adder (D:8)
  A plant (D:8)
3 creatures vanquished.

Grand Total: 152 creatures vanquished

Notes
Turn   | Place    | Note
-------+----------+-------------------------------------------
     0 | D:1      | Mesmaeker13 the Vine Stalker Assassin began the quest for the Orb.
     0 | D:1      | Reached XP level 1. HP: 11/11 MP: 2/2
   313 | D:1      | Reached skill level 1 in Dodging
   336 | D:1      | Reached skill level 5 in Stealth
   349 | D:1      | Reached XP level 2. HP: 11/15 MP: 3/3
   958 | D:1      | Reached XP level 3. HP: 17/18 MP: 4/4
  1514 | D:2      | Gained mutation: Your natural rate of healing is unusually fast. [Vine Stalker growth]
  1514 | D:2      | Reached XP level 4. HP: 23/23 MP: 5/5
  2798 | D:3      | Noticed a sky beast
  2800 | D:3      | Killed a sky beast
  2800 | D:3      | Reached skill level 6 in Stealth
  2800 | D:3      | Reached XP level 5. HP: 26/26 MP: 6/6
  3076 | D:3      | Reached XP level 6. HP: 30/30 MP: 5/7
  3430 | D:4      | Noticed a phantom
  3448 | D:4      | Killed a phantom
  3448 | D:4      | Reached skill level 7 in Stealth
  3448 | D:4      | Reached XP level 7. HP: 27/34 MP: 6/8
  3470 | D:4      | Noticed zhorgal's ghost (novice VSFi)
  3627 | D:4      | Noticed Edmund
  3656 | D:4      | Killed Edmund
  3744 | D:5      | Entered Level 5 of the Dungeon
  4274 | D:5      | Got a turquoise-studded ring mail
  4540 | D:5      | Noticed Quirk's ghost (novice DsFi)
  4569 | D:6      | Gained mutation: You have razor-sharp teeth. [Vine Stalker growth]
  4569 | D:6      | Reached XP level 8. HP: 38/38 MP: 9/9
  4838 | D:6      | Identified the cursed +1 ring mail of Syplyet {rPois Int-2 Dex+3} (You found it on level 5 of the Dungeon)
  4912 | D:6      | Reached skill level 8 in Stealth
  5057 | D:6      | Noticed Duvessa
  5058 | D:6      | Noticed Dowan
  5192 | D:6      | Killed Dowan
  5242 | D:6      | Killed Duvessa
  5242 | D:6      | Reached skill level 5 in Short Blades
  5457 | D:6      | Found a staircase to the Ecumenical Temple.
  5464 | Temple   | Entered the Ecumenical Temple
  5505 | Temple   | Became a worshipper of Nemelex Xobeh the Trickster
  5566 | Temple   | Received a gift from Nemelex Xobeh
  5761 | D:7      | Reached skill level 9 in Stealth
  5855 | D:7      | Reached XP level 9. HP: 35/42 MP: 10/10
  5877 | D:7      | Reached skill level 5 in Dodging
  6348 | D:7      | Reached * piety under Nemelex Xobeh
  6592 | D:8      | Received a gift from Nemelex Xobeh
  6665 | D:8      | Noticed a two-headed ogre
  6692 | D:8      | Killed a two-headed ogre
  6692 | D:8      | Reached skill level 10 in Stealth
  6692 | D:8      | Reached skill level 1 in Invocations
  6706 | D:8      | Noticed Joseph
  6706 | D:8      | Noticed a two-headed ogre
  6708 | D:8      | Slain by a two-headed ogre

Skill      XL: |  1  2  3  4  5  6  7  8  9 |
---------------+----------------------------+-----
Short Blades   | 2 3 4 5 6 |  6.4
Dodging        | 1 2 3 4 5 |  5.7
Stealth        | 5 6 7 9 10 | 10.1
Throwing       | 2 3 4 |  4.1
Invocations    | 1 |  1.9
Fighting       | |  1.7

Action                   |  1- 3 |  4- 6 |  7- 9 || total
-------------------------+-------+-------+-------++-------
Melee: Dagger            |   119 |   126 |   253 ||   498
       Bite              |    30 |    26 |    70 ||   126
 Fire: Blowgun           |     5 |    15 |    20 ||    40
Throw: Tomahawk          |       |     3 |     4 ||     7
Evoke: Wand              |       |     5 |     5 ||    10
       Deck              |       |       |     2 ||     2
  Use: Scroll            |     8 |     5 |     8 ||    21
 Stab: Sleeping          |     3 |    11 |    17 ||    31
       Distracted        |       |     1 |     1 ||     2
  Eat: Chunk             |     2 |     6 |    16 ||    24
       Bread ration      |       |       |     1 ||     1
Armor: Robe              |    28 |    23 |    28 ||    79
Dodge: Dodged            |    51 |    53 |   120 ||   224
